 Dungeon Sprint DCSS version 0.29.1-2-gbd0b4ee654 (webtiles) character file.

Game seed: 16863331697358407916

5362 Zeld the Severer (level 10, -1/102 HPs)
             Began as a Minotaur Berserker on Oct 25, 2022.
             Was a High Priest of Trog.
             Slain by a redback (15 damage)
             ... in the Dungeon (Sprint III: "The Ten Rune Challenge").
             The game lasted 00:03:19 (3125 turns).

Zeld the Severer (Minotaur Berserker)               Turns: 3125, Time: 00:03:19

Health: -1/102     AC:  4    Str: 26    XL:     10   Next: 39%
Magic:  9/9        EV: 16    Int:  4    God:    Trog [*****.]
Gold:   20         SH:  0    Dex: 10    Spells: 9/9 levels left

rFire   . . .      SeeInvis .   a - +4 executioner's axe
rCold   . . .      Faith    .   (shield currently unavailable)
rNeg    . . .      Spirit   .   b - +0 animal skin
rPois   .          Reflect  .   (helmet restricted)
rElec   .          Harm     .   k - +0 cloak
rCorr   .          Rampage  .   (no gloves)
Will    ++...      NoTele   +   (no boots)
Stlth   +.........              (no amulet)
HPRegen 1.27/turn               (no ring)
MPRegen 0.11/turn               (no ring)

@: strong-willed, regenerating
A: horns 2, retaliatory headbutt
a: Renounce Religion, Berserk, Trog's Hand, Brothers in Arms


You were in the Dungeon.
You worshipped Trog.
Trog was extremely pleased with you.
You visited 1 branch You collected 20 gold pieces.

Inventory:

Hand Weapons
 a - a +4 executioner's axe (weapon)
Armour
 b - a +0 animal skin (worn)
 k - a +0 cloak (worn)
Wands
 p - a wand of paralysis (3)
Scrolls
 h - a scroll of blinking
 l - 2 scrolls of torment {unknown}
 m - 2 scrolls of identify {unknown}
Potions
 c - 3 potions of curing
 d - a potion of heal wounds
 e - a potion of haste
 f - 2 potions of magic
 g - a potion of berserk rage
 i - a potion of cancellation {unknown}
 j - 6 potions of mutation
 n - a potion of ambrosia {unknown}
 o - a potion of might
Miscellaneous
 q - a box of beasts


   Skills:
 + Level 13.8 Fighting
 * Level 18.7 Axes
 + Level 13.5 Armour
 + Level 12.5 Dodging


You had 9 spell levels left.
You didn't know any spells.
Your spell library was empty.

Dungeon Overview and Level Annotations

Branches:
Dungeon (1/1)

Altars:
Cheibriados
Dithmenos
Elyvilon
Fedhas
Gozag
Hepliaklqana
Kikubaaqudgha
Makhleb
Nemelex Xobeh
Okawaru
Qazlal
Ru
Sif Muna
Trog
Uskayaw
Vehumet
Wu Jian
Xom
Yredelemnul
Zin
The Shining One
Jiyva
Lugonu


Innate Abilities, Weirdness & Mutations

You have a pair of horns on your head.
You reflexively headbutt those who attack you in melee.


Message History

You start resting.
A redback comes into view.
A redback is nearby!
The redback bites you!
You are poisoned.
The redback poisons you!
You feel extremely sick. The redback completely misses you.
The redback bites you but does no damage.
You miss the redback. You headbutt the redback!
The redback is moderately wounded.
You feel very sick. The redback closely misses you.
You barely miss the redback. Your headbutt misses the redback.
The redback is moderately wounded.
You feel very sick. The redback bites you!
You are lethally poisoned!
The redback poisons you! The redback misses you.
You hit the redback.
The redback is heavily wounded.
You feel extremely sick. The redback bites you.
You are more poisoned.
The redback poisons you!
Your skin crawls.
You feel strong-willed.
* * * LOW HITPOINT WARNING * * *
You feel extremely sick. The redback barely misses you.
You furiously retaliate!
You headbutt the redback, but do no damage.
The redback bites you!
* * * LOW HITPOINT WARNING * * *
Unknown command.
You feel better. The redback bites you.
* * * LOW HITPOINT WARNING * * *
Your stone giant goes berserk!
The redback bites you but does no damage.
The redback bites you!
You die...

♣♣♣♣♣♣#..♣♣
♣♣♣# ###'♣
♣♣♣♣.#
♣...##
♣♣.##.
♣..#†##
♣♣.##C#
♣♣.##s#
♣....@#
#######


You could see a redback (ally target) and a friendly stone giant (summoned,
berserk).

Vanquished Creatures
  Erolcha (D)
  A lindwurm (D)
  A deep elf pyromancer (D)
  2 cane toads (D)
  A rime drake (D)
  A komodo dragon (D)
  2 tyrant leeches (D)
  A shadow (D)
  3 redbacks (D)
  A spatial vortex (D)
  A swamp drake (D)
  5 two-headed ogres (D)
  A necrophage (D)
  A water elemental (D)
  A jelly (D)
  Crazy Yiuf (D)
  A wizard (D)
  A necromancer (D)
  A kobold demonologist (D)
  3 humans (D)
  3 wandering mushrooms (D)
  An endoplasm (D)
  3 rats (D)
37 creatures vanquished.

Vanquished Creatures (others)
  3 plants (D)
3 creatures vanquished.

Grand Total: 40 creatures vanquished

Notes
Turn   | Place    | Note
-------+----------+-------------------------------------------
     0 | D        | Zeld the Minotaur Berserker began the quest for the Orb.
     0 | D        | Reached XP level 1. HP: 19/19 MP: 0/0
    10 | D        | Reached skill level 4 in Axes
    87 | D        | Reached ** piety under Trog
   111 | D        | Noticed Crazy Yiuf
   118 | D        | Killed Crazy Yiuf
   119 | D        | Reached skill level 5 in Axes
   119 | D        | Reached XP level 2. HP: 22/28 MP: 1/1
   119 | D        | Reached XP level 3. HP: 28/35 MP: 2/2
   122 | D        | Reached skill level 5 in Fighting
   122 | D        | Reached skill level 6 in Axes
   406 | D        | Noticed a water elemental
   410 | D        | Killed a water elemental
   411 | D        | Reached skill level 7 in Axes
   411 | D        | Reached skill level 5 in Armour
   411 | D        | Reached XP level 4. HP: 35/44 MP: 3/3
   598 | D        | Found a hide-covered altar of Uskayaw.
   598 | D        | Found an iron altar of Okawaru.
   598 | D        | Found a bloodstained altar of Trog.
   598 | D        | Found an ornate altar of the Wu Jian Council.
   598 | D        | Noticed a human
   599 | D        | Noticed a human
   607 | D        | Killed a human
   607 | D        | Reached *** piety under Trog
   608 | D        | Reached skill level 9 in Axes
   608 | D        | Reached XP level 5. HP: 39/52 MP: 4/4
   614 | D        | Killed a human
   615 | D        | Reached skill level 11 in Axes
   615 | D        | Reached XP level 6. HP: 41/62 MP: 5/5
   779 | D        | Found a radiant altar of Vehumet.
   779 | D        | Found a shimmering blue altar of Sif Muna.
   779 | D        | Found an ancient bone altar of Kikubaaqudgha.
   785 | D        | Reached **** piety under Trog
   862 | D        | Found a basalt altar of Yredelemnul.
   862 | D        | Found a shadowy altar of Dithmenos.
   862 | D        | Found a sacrificial altar of Ru.
   914 | D        | Found a glowing silver altar of Zin.
   914 | D        | Found a glowing golden altar of the Shining One.
   914 | D        | Found a white marble altar of Elyvilon.
   914 | D        | Noticed a deep elf pyromancer
   920 | D        | Killed a deep elf pyromancer
   920 | D        | Reached ***** piety under Trog
   921 | D        | Reached skill level 10 in Fighting
   921 | D        | Reached skill level 13 in Axes
   921 | D        | Reached XP level 7. HP: 72/72 MP: 6/6
  1021 | D        | Noticed a shadow
  1025 | D        | Killed a shadow
  1026 | D        | Reached XP level 8. HP: 79/79 MP: 7/7
  1057 | D        | Found a blossoming altar of Fedhas.
  1057 | D        | Found a stormy altar of Qazlal.
  1057 | D        | Found a snail-covered altar of Cheibriados.
  1057 | D        | Found a burning altar of Makhleb.
  1057 | D        | Found a shimmering altar of Xom.
  1058 | D        | Found a hazy altar of Hepliaklqana.
  1058 | D        | Found an opulent altar of Gozag.
  1058 | D        | Found a sparkling altar of Nemelex Xobeh.
  1058 | D        | Found a corrupted altar of Lugonu.
  1058 | D        | Found a viscous altar of Jiyva.
  1073 | D        | Reached skill level 14 in Axes
  1073 | D        | Reached skill level 10 in Armour
  1510 | D        | Noticed a two-headed ogre
  1517 | D        | Killed a two-headed ogre
  1518 | D        | Reached skill level 15 in Axes
  1518 | D        | Reached skill level 10 in Dodging
  1569 | D        | Noticed a two-headed ogre
  1569 | D        | Noticed Erolcha
  1575 | D        | Killed Erolcha
  1576 | D        | Reached skill level 16 in Axes
  1576 | D        | Reached XP level 9. HP: 90/90 MP: 8/8
  1578 | D        | Killed a two-headed ogre
  1809 | D        | Received a gift from Trog
  1888 | D        | Noticed a wandering mushroom
  1894 | D        | Noticed a wandering mushroom
  1896 | D        | Noticed a wandering mushroom
  2170 | D        | Killed a wandering mushroom
  2171 | D        | Reached skill level 17 in Axes
  2250 | D        | Noticed a cane toad
  2250 | D        | Noticed a komodo dragon
  2250 | D        | Noticed a cane toad
  2253 | D        | Killed a cane toad
  2258 | D        | Killed a cane toad
  2259 | D        | Killed a komodo dragon
  2259 | D        | Received a gift from Trog
  2260 | D        | Reached XP level 10. HP: 101/101 MP: 9/9
  2304 | D        | Reached ****** piety under Trog
  2308 | D        | Reached skill level 18 in Axes
  3066 | D        | Noticed a lindwurm
  3072 | D        | Killed a lindwurm
  3125 | D        | Slain by a redback

Illustrated notes

Levels and vault maps discovered:
D:        dungeon_sprint_mu [sprint_mu_entry_cave, sprint_mu_temple_rooms,
          sprint_mu_d1_spiders, sprint_mu_d2_genie, sprint_mu_d3_branching,
          sprint_mu_orc_legion, sprint_mu_elf_gauntlet, sprint_mu_hive_nellie,
          sprint_mu_lair_fedhas, sprint_mu_vaults_butterflies,
          sprint_mu_slime_circle, sprint_mu_shoals_archi,
          sprint_mu_snake_twists, sprint_mu_blade_basic,
          sprint_mu_crypt_fortress, sprint_mu_tomb_spiral,
          sprint_mu_vestibule_basic, sprint_mu_gehenna_hellfire,
          sprint_mu_dis_giant, sprint_mu_tartarus_statrot,
          sprint_mu_cocytus_islands, sprint_mu_zot1]

Skill      XL: |  1  2  3  4  5  6  7  8  9 10 |
---------------+-------------------------------+-----
Axes           | 5 7 9 11 13 16 17 18 | 18.7
Fighting       | 4 6 7 8 10 11 13 | 13.8
Armour         | 4 5 6 7 9 11 12 13 | 13.5
Dodging        | 3 4 6 7 8 9 10 11 12 | 12.5

Action                   |  1- 3 |  4- 6 |  7- 9 | 10-12 || total
-------------------------+-------+-------+-------+-------++-------
Melee: Hand axe          |    17 |    25 |    51 |       ||    93
       Headbutt          |     2 |     4 |    17 |     7 ||    30
       Battleaxe         |       |       |    34 |       ||    34
       Executioner's axe |       |       |       |    31 ||    31
Invok: Berserk           |     2 |     4 |     7 |     2 ||    15
       Trog's Hand       |       |       |       |     1 ||     1
       Brothers in Arms  |       |       |       |     1 ||     1
  Use: Potion            |       |       |       |     1 ||     1
Armor: Animal skin       |       |     2 |     4 |     5 ||    11
Dodge: Dodged            |     8 |     9 |    41 |    21 ||    79
